 Dungeon Crawl Stone Soup version 0.30-a0-672-gc3a7216ad8 (webtiles) character file.

Game seed: 17211950589336798451

156840 vineage the Bludgeoner (level 17, 0/103 HPs)
             Began as a Gargoyle Fighter on Jan 18, 2023.
             Was the Champion of Okawaru.
             Slain by a bone dragon (11 damage)
             ... on level 2 of the Abyss.
             The game lasted 00:38:06 (30748 turns).

vineage the Bludgeoner (Gargoyle Fighter)          Turns: 30748, Time: 00:38:06

Health: 0/103      AC: 41    Str: 24      XL:     17   Next: 68%
Magic:  20/20      EV:  9    Int: 11 (16) God:    Okawaru [******]
Gold:   2361       SH:  0    Dex: 16      Spells: 16/16 levels left

rFire   + + .      SeeInvis +    L - +4 demon whip (vamp)
rCold   + . .      Faith    .    V - +1 tower shield "Sionek" {Will+ Int+2}
rNeg    + . .      Spirit   .    M - +1 plate armour {rF+}
rPois   ∞          Reflect  .    N - +2 helmet {SInv}
rElec   +          Harm     .    y - +0 cloak
rCorr   .          Rampage  .    n - +3 pair of gloves "Ycexujar" {rC+ Int+3 Dex+3}
Will    ++...      Rage     9%   c - +1 pair of boots Stlth
                                 a - amulet of the acrobat
HPRegen 0.37/turn                h - +6 ring of dexterity
MPRegen 0.17/turn                T - ring of protection from fire

@: confused, heroic, ambrosia-drunk, on berserk cooldown, flying
A: sickness immunity, AC +12, big wings, negative energy resistance 1,
electricity resistance, torment resistance 1, petrification resistance,
screaming 1, [berserk 2], clumsy 1[+1], [deformed body], [frail 1], [no potion
heal 2]
a: Renounce Religion, Heroism, Finesse, Duel


You were on level 2 of the Abyss.
You worshipped Okawaru.
Okawaru was exalted by your worship.
You visited 5 branches of the dungeon, and saw 25 of its levels.
You visited the Abyss 1 time.

You collected 3988 gold pieces.
You spent 1627 gold pieces at shops.

Inventory:

Hand Weapons
 z - a +0 spectral morningstar
 L - a +4 vampiric demon whip (weapon)
Armour
 c - a +1 pair of boots (worn)
 n - the +3 pair of gloves "Ycexujar" (worn) {rC+ Int+3 Dex+3}
   (You bought it in a shop on level 4 of the Dungeon)

   Int:       It affects your intelligence (+3).
   Dex:       It affects your dexterity (+3).
   rC:        It protects you from cold.
 y - a +0 cloak (worn)
 E - a +2 tower shield of positive energy
 K - a +1 kite shield
 M - a +1 plate armour of fire resistance (worn)
 N - a +2 helmet of see invisible (worn)
 V - the +1 tower shield "Sionek" (worn) {Will+ Int+2}
   (Okawaru gifted it to you on level 14 of the Dungeon)

   Int:       It affects your intelligence (+2).
   Will:      It increases your willpower.
 Z - a +2 tower shield of protection
Jewellery
 a - an amulet of the acrobat (around neck)
 h - a +6 ring of dexterity (left hand)
 k - a ring of magical power
 s - a ring of protection from fire
 I - a ring of see invisible
 J - a ring of wizardry
 T - a ring of protection from fire (right hand)
 W - a +6 ring of intelligence
 Y - a ring of protection from fire
Wands
 p - a wand of digging (11)
 t - a wand of flame (19)
 u - a wand of mindburst (3)
 D - a wand of roots (16)
 R - a wand of acid (2)
 X - a wand of paralysis (2)
Scrolls
 b - 3 scrolls of enchant armour
 f - 2 scrolls of brand weapon
 i - 2 scrolls of silence
 m - 7 scrolls of amnesia
 r - a scroll of summoning
 B - 5 scrolls of immolation
 F - 3 scrolls of fog
 H - 3 scrolls of magic mapping
 O - 12 scrolls of identify
 Q - 4 scrolls of poison
 U - 3 scrolls of blinking
Potions
 d - a potion of might
 e - 5 potions of heal wounds
 j - 3 potions of haste
 l - 11 potions of curing
 o - 3 potions of invisibility
 q - 7 potions of lignification
 v - 3 potions of magic
 w - 6 potions of flight
 x - a potion of ambrosia
 A - a potion of brilliance
 C - 4 potions of attraction
 G - 2 potions of cancellation
 P - 3 potions of resistance
 S - 5 potions of mutation


   Skills:
 + Level 15.8(20.8) Fighting
 * Level 19.7(24.7) Maces & Flails
 + Level 15.7(20.7) Armour
 + Level 15.7(20.7) Shields
 - Level 4.6 Invocations


You had 16 spell levels left.
You didn't know any spells.
Your spell library contained the following spells:

 Spells                   Type           Power      Damage    Failure   Level
 Apportation              Tloc           0%         N/A       98%         1
 Foxfire                  Conj/Fire      0%         2x1d4     98%         1
 Magic Dart               Conj           0%         1d3       98%         1
 Sandblast                Erth           0%         2d4       98%         1
 Blink                    Tloc           0%         N/A       99%         2
 Ensorcelled Hibernation  Hex/Ice        0%         N/A       99%         2
 Lesser Beckoning         Tloc           0%         N/A       99%         2
 Momentum Strike          Conj/Tloc      0%         3d8       99%         2
 Passwall                 Tmut/Erth      0%         N/A       99%         2
 Poisonous Vapours        Pois/Air       0%         N/A       99%         2
 Frozen Ramparts          Ice            0%         1d1       100%        3
 Hailstorm                Conj/Ice       0%         3d3       100%        3
 Ignite Poison            Fire/Tmut/Pois 0%         N/A       100%        3
 Inner Flame              Hex/Fire       0%         N/A       100%        3
 Kindle Blastsparks       Fire/Tloc/Air  0%         2d10      100%        3
 Mephitic Cloud           Conj/Pois/Air  0%         N/A       100%        3
 Spider Form              Tmut/Pois      0%         N/A       100%        3
 Stone Arrow              Conj/Erth      0%         3d7       100%        3
 Swiftness                Air            0%         N/A       100%        3
 Anguish                  Hex/Necr       0%         N/A       100%        4
 Dispel Undead            Necr           0%         3d6       100%        4
 Flame Wave               Conj/Fire      0%         2d4       100%        4
 Fulminant Prism          Conj/Hex       0%         3d5       100%        4
 Ice Form                 Ice/Tmut       0%         N/A       100%        4
 Iskenderun's Mystic Bla  Conj/Tloc      0%         2d3       100%        4
 Manifold Assault         Tloc           0%         N/A       100%        4
 Sticky Flame             Conj/Fire      0%         2d3       100%        4
 Alistair's Intoxication  Tmut/Pois      0%         N/A       100%        5
 Fireball                 Conj/Fire      0%         3d3       100%        5
 Freezing Cloud           Conj/Ice/Air   0%         6-21      100%        5
 Iskenderun's Battlesphe  Conj           0%         2d6       100%        5
 Lee's Rapid Deconstruct  Erth           0%         3d4*      100%        5
 Conjure Ball Lightning   Conj/Air       0%         3x3d6     100%        6
 Dispersal                Tloc           0%         N/A       100%        6
 Starburst                Conj/Fire      0%         6d3       100%        6
 Orb of Destruction       Conj           0%         9d5       100%        7
 Disjunction              Tloc           0%         N/A       100%        8
 Lehudib's Crystal Spear  Conj/Erth      0%         10d2      100%        8
 Call Imp                 Summ           Unusable   N/A       N/A         2
 Cigotuvi's Dreadful Rot  Necr/Pois/Air  Unusable   N/A       N/A         2
 Animate Armour           Summ/Erth      Unusable   N/A       N/A         4
 Animate Dead             Necr           Unusable   N/A       N/A         4
 Summon Ice Beast         Ice/Summ       Unusable   N/A       N/A         4
 Death Channel            Necr           Unusable   N/A       N/A         6
 Simulacrum               Ice/Necr       Unusable   N/A       N/A         6
 Haunt                    Necr/Summ      Unusable   N/A       N/A         7
 Infestation              Necr           Unusable   N/A       N/A         8

Dungeon Overview and Level Annotations

Branches:
Dungeon (15/15)            Temple (1/1) D:5            Lair (5/5) D:8
 Shoals (0/4) Lair:3       Spider (0/4) Lair:3        Slime (0/5) Lair:5
    Orc (2/2) D:12            Elf (2/3) Orc:2        Vaults (0/5) D:14
 Depths (0/4) D:15

Altars:
Ashenzari
Cheibriados
Dithmenos
Elyvilon
Fedhas
Gozag
Hepliaklqana
Kikubaaqudgha
Makhleb
Nemelex Xobeh
Okawaru
Qazlal
Ru
Sif Muna
Trog
Uskayaw
Vehumet
Wu Jian
Xom
Yredelemnul
Zin
The Shining One

Shops:
D:4 [   D:8 *   D:14 *   Orc:2 :!([(   Elf:1 !   Elf:2 [

Portals:
Trove: D:15 (give horn of Geryon)


Innate Abilities, Weirdness & Mutations

You are immune to sickness and miasma.
Your stone body is resilient. (AC +12)
You are immune to poison.
Your large and strong wings let you fly.
You resist negative energy. (rN+)
You are resistant to electric shocks. (rElec)
You are resistant to unholy torment.
You are immune to petrification.
You occasionally shout uncontrollably at your foes.
[You have an uncontrollable temper.]
[You are very clumsy. (Dex -4)]
[Armour fits poorly on your strangely shaped body.]
[You are frail. (-10% HP)]
[Potions cannot restore your health.]


Message History

You hit the worldbinder but do no damage.
The worldbinder is severely damaged.
You are suddenly pulled into a different region of the Abyss!
A tentacled starspawn comes into view.
A tentacle flies out from the starspawn's body!
A bone dragon comes into view.
You yell at the bone dragon!
A starspawn tentacle comes into view.
You feel yourself speed up.
Okay, then.
You gain the combat prowess of a mighty hero.
You are confused.
Your system rejects the healing.
You feel invigorated.
The bone dragon bites you but does no damage.
The bone dragon claws you but does no damage.
The bone dragon tramples you but does no damage.
You bump into the rock wall.
A tentacle flies out from the starspawn's body!
The bone dragon bites you but does no damage.
The bone dragon claws you but does no damage.
The bone dragon tramples you but does no damage.
A starspawn tentacle comes into view.
You bump into the rock wall.
The bone dragon bites you!
* * * LOW HITPOINT WARNING * * *
The bone dragon claws you but does no damage.
The bone dragon tramples you but does no damage.
A wretched star comes into view.
A starspawn tentacle comes into view.
You bump into the rock wall.
The bone dragon closely misses you.
The bone dragon claws you but does no damage.
The bone dragon tramples you but does no damage.
You bump into the rock wall.
The wretched star pulses with an eldritch light!
Your body twists and deforms.
The tentacled starspawn bites you but does no damage.
The tentacled starspawn tentacle-slaps you but does no damage.
The bone dragon bites you!
* * * LOW HITPOINT WARNING * * *
The bone dragon claws you!
You die...

. .# # Xw #.
### .# #..#.##
. #.*@D###
#..##
####Xw........
#.#.#.#....#
#####..# #.
...# ####


You could see a bone dragon, a tentacled starspawn, a wretched star and a
starspawn tentacle (distracted).

Vanquished Creatures
  Jorgrun (D:12)
  A deep elf blademaster (Elf:2)
  2 tentacled starspawn (Abyss:2)
  A fire giant (D:14)
  2 deep elf sorcerers
  A deep elf demonologist (Elf:2)
  Snorg (D:14)
  A deep elf high priest (Elf:1)
  An ice dragon (Lair:5)
  4 hydras
  A death knight (D:11)
  10 centaur warriors
  7 death yaks
  7 boulder beetles
  4 two-headed ogres
  2 tengu warriors
  A thrashing horror (Abyss:2)
  A vampire mage (D:15)
  13 dancing weapons
  8 deep elf knights
  Sonja (Lair:3)
  A storm dragon zombie (D:15)
  12 skeletal warriors
  2 wretched stars (Abyss:2)
  A spark wasp zombie (D:15)
  A flayed ghost (D:8)
  A golden dragon skeleton (D:15)
  2 lindwurms (Lair:5)
  4 deep elf archers
  18 deep elf pyromancers
  25 deep elf zephyrmancers
  A wizard (D:14)
  2 necromancers
  8 orc knights
  A large abomination (Abyss:2)
  7 ugly things
  A shining eye (shapeshifter) (Elf:2)
  9 manticores
  10 cyclopes
  11 black mambas
  Joseph (Lair:1)
  A frost giant skeleton (D:15)
  18 elephants
  A smoke demon (Abyss:2)
  A gargoyle (D:13)
  9 cane toads
  6 torpor snails (Lair:5)
  An unseen horror (D:12)
  5 komodo dragons
  An efreet (D:14)
  A freezing wraith (D:14)
  3 kobold demonologists
  3 yaktaurs (D:14)
  5 rime drakes
  3 tengu conjurers
  3 meliai (D:14)
  4 trolls
  12 polar bears
  3 tyrant leeches (Lair:5)
  5 raiju (Lair:5)
  Prince Ribbit (Lair:1)
  8 hornets
  A tarantella (shapeshifter) (D:14)
  14 blink frogs
  10 dream sheep
  2 jumping spiders (Lair:3)
  A shadow (D:11)
  6 slime creatures
  3 vampires
  2 hogs (Lair:3)
  7 wraiths
  7 basilisks
  Grum (D:11)
  59 yaks
  9 wyverns
  2 steam dragons
  4 humans
  A fire elemental (Elf:2)
  2 redbacks
  A chaos spawn (Abyss:2)
  A neqoxec (Abyss:2)
  7 vampire mosquitoes
  12 wargs
  12 hell hounds (Lair:5)
  10 water moccasins
  3 acid dragons
  A swamp drake (Orc:2)
  39 orc warriors
  2 sky beasts
  An ice beast (D:7)
  2 ogres
  14 black bears
  An ogre (shapeshifter) (Elf:1)
  39 wolves
  26 centaurs
  2 kobold brigands (D:9)
  15 bullfrogs
  4 necrophages
  2 earth elementals
  2 gnoll sergeants
  A scorpion (D:7)
  5 wights
  2 killer bees (D:11)
  2 electric eels
  A howler monkey (D:9)
  A crimson imp (Orc:2)
  4 jellies
  A gnoll bouda (D:7)
  4 hounds
  14 orc priests
  An iron imp (Orc:2)
  An iguana (D:5)
  25 orc wizards
  17 gnolls
  4 adders
  A shadow imp (Orc:2)
  3 white imps
  A worm (D:5)
  A dart slug (D:2)
  94 orcs
  17 bats
  6 endoplasms
  3 giant cockroaches
  A goblin (D:4)
  11 hobgoblins
  3 jackals (D:3)
  11 kobolds
  3 quokkas
  7 ball pythons
  5 frilled lizards
  7 rats
  3 starspawn tentacles (Abyss:2)
869 creatures vanquished.

Vanquished Creatures (others)
  Kirke (Lair:3)
  2 deep elf knights (Elf:2)
  A ynoxinul (Abyss:2)
  A human (D:4)
  An orc wizard (D:9)
  An orc (Orc:2)
  5 foxfires (Abyss:2)
  30 fungi
  70 plants
  25 starspawn tentacles (Abyss:2)
137 creatures vanquished.

Grand Total: 1006 creatures vanquished

Notes
Turn   | Place    | Note
-------+----------+-------------------------------------------
     0 | D:1      | vineage the Gargoyle Fighter began the quest for the Orb.
     0 | D:1      | Reached XP level 1. HP: 14/14 MP: 1/1
   230 | D:1      | Reached XP level 2. HP: 19/19 MP: 2/2
   924 | D:2      | Reached XP level 3. HP: 22/23 MP: 3/3
  1529 | D:3      | Reached skill level 3 in Maces & Flails
  1702 | D:3      | Reached XP level 4. HP: 29/29 MP: 4/4
  1864 | D:3      | Reached XP level 5. HP: 22/33 MP: 5/5
  2744 | D:4      | Reached skill level 4 in Maces & Flails
  2913 | D:4      | Found an ancient bone altar of Kikubaaqudgha.
  2958 | D:4      | Noticed a black bear
  2963 | D:4      | Killed a black bear
  2964 | D:4      | Reached XP level 6. HP: 36/39 MP: 6/6
  3016 | D:4      | Found Moin's Antique Armour Boutique.
  3019 | D:4      | Bought a pair of polished gloves for 209 gold pieces
  3019 | D:4      | Identified the +3 pair of gloves "Ycexujar" {rC+ Int+3
                  | Dex+3} (You bought it in a shop on level 4 of the Dungeon)
  3030 | D:4      | Noticed a human
  3036 | D:4      | Killed a human
  3233 | D:5      | Entered Level 5 of the Dungeon
  3462 | D:5      | Reached XP level 7. HP: 32/44 MP: 7/7
  3650 | D:5      | Reached skill level 5 in Maces & Flails
  3656 | D:5      | Identified a scroll of acquirement
  3656 | D:5      | Acquired 1309 gold pieces
  3983 | D:5      | Identified the +3 ring mail "Plog" {rF+}
  4051 | D:5      | Found a staircase to the Ecumenical Temple.
  4075 | D:5      | Reached skill level 5 in Fighting
  4075 | D:5      | Reached skill level 5 in Armour
  4075 | D:5      | Reached skill level 5 in Shields
  4137 | Temple   | Entered the Ecumenical Temple
  4576 | D:4      | Bought an aquamarine-encrusted plate armour for 616 gold
                  | pieces
  4576 | D:4      | Identified the +2 plate armour of Soseef {SInv} (You bought
                  | it in a shop on level 4 of the Dungeon)
  4873 | D:6      | Reached XP level 8. HP: 49/49 MP: 8/8
  4891 | D:6      | Reached skill level 6 in Maces & Flails
  5674 | D:7      | Noticed a wyvern
  5683 | D:7      | Killed a wyvern
  5868 | D:7      | Reached skill level 7 in Maces & Flails
  5880 | D:7      | Reached XP level 9. HP: 17/56 MP: 9/9
  6141 | D:7      | Found a burning altar of Makhleb.
  6230 | D:7      | Found an iron altar of Okawaru.
  6273 | D:7      | Became a worshipper of Warmaster Okawaru
  6336 | D:7      | Reached skill level 8 in Maces & Flails
  6724 | D:7      | Reached * piety under Okawaru
  6776 | D:7      | Noticed a deep elf pyromancer
  6782 | D:7      | Killed a deep elf pyromancer
  6782 | D:7      | Reached ** piety under Okawaru
  6783 | D:7      | Reached skill level 9 in Maces & Flails
  6783 | D:7      | Reached XP level 10. HP: 30/63 MP: 10/10
  7271 | D:8      | Found a radiant altar of Vehumet.
  7277 | D:8      | Noticed an elephant
  7313 | D:8      | Killed an elephant
  7314 | D:8      | Reached skill level 1 in Invocations
  7573 | D:8      | Found a staircase to the Lair.
  7611 | D:8      | Reached *** piety under Okawaru
  7890 | D:8      | Found a shimmering altar of Xom.
  7963 | D:8      | Found an ornate altar of the Wu Jian Council.
  8132 | D:8      | Found a hide-covered altar of Uskayaw.
  8145 | D:8      | Found a runed translucent door.
  8145 | D:8      | Noticed a flayed ghost
  8158 | D:8      | Found a white marble altar of Elyvilon.
  8198 | D:8      | Found an ancient bone altar of Kikubaaqudgha.
  8207 | D:8      | Found a sacrificial altar of Ru.
  8283 | D:8      | Found a stormy altar of Qazlal.
  8320 | D:8      | Found a hide-covered altar of Uskayaw.
  8599 | D:8      | Found Tyiw Pun's General Store.
  8603 | D:8      | Bought a potion of heal wounds for 70 gold pieces
  8755 | D:8      | Killed a flayed ghost
  8755 | D:8      | Received a gift from Okawaru
  8756 | D:8      | Reached skill level 10 in Maces & Flails
  8968 | D:9      | Noticed a manticore
  8979 | D:9      | Killed a manticore
  8995 | D:10     | Entered Level 10 of the Dungeon
  9187 | D:9      | Found a blossoming altar of Fedhas.
  9411 | D:9      | Reached **** piety under Okawaru
  9412 | D:9      | Reached XP level 11. HP: 69/69 MP: 13/13
  9473 | D:9      | Found a shimmering blue altar of Sif Muna.
  9863 | D:10     | Found a faded altar of an unknown god.
 10793 | Lair:1   | Entered Level 1 of the Lair of Beasts
 10823 | Lair:1   | Reached ***** piety under Okawaru
 10985 | Lair:1   | Reached skill level 11 in Maces & Flails
 11197 | D:11     | Noticed a boulder beetle
 11215 | D:11     | Killed a boulder beetle
 11364 | D:11     | Noticed a manticore
 11396 | D:11     | Killed a manticore
 11765 | D:11     | Noticed a two-headed ogre
 11772 | D:11     | Killed a two-headed ogre
 11871 | D:11     | Noticed a cyclops
 11882 | D:11     | Killed a cyclops
 12143 | D:11     | Received a gift from Okawaru
 12145 | D:11     | Noticed a death knight
 12163 | D:11     | Killed a death knight
 12164 | D:11     | Reached XP level 12. HP: 11/77 MP: 15/15
 12582 | D:11     | Noticed a centaur warrior
 12599 | D:11     | Received a gift from Okawaru
 12600 | D:11     | Reached skill level 12 in Maces & Flails
 12625 | D:11     | Killed a centaur warrior
 12626 | D:11     | Reached skill level 10 in Armour
 12626 | D:11     | Reached skill level 10 in Shields
 12637 | D:11     | Reached skill level 10 in Fighting
 12646 | D:11     | Noticed a six-headed hydra
 12649 | D:11     | Noticed a centaur warrior
 12649 | D:11     | Identified the ring of Vehumet's Anger {*Corrode rC+ Int+8
                  | Dex-2 SInv}
 12649 | D:11     | Noticed a centaur warrior
 12660 | D:11     | Killed a six-headed hydra
 12673 | D:11     | Killed a centaur warrior
 12685 | D:11     | Killed a centaur warrior
 12802 | D:11     | Identified the +7 short sword "Bepolefraclu" {vamp, +Blink
                  | Dex+2}
 13478 | D:11     | Received a gift from Okawaru
 13988 | D:11     | Noticed Grum
 14009 | D:11     | Killed Grum
 14172 | D:11     | Noticed a boulder beetle
 14194 | D:11     | Killed a boulder beetle
 14195 | D:11     | Reached skill level 13 in Maces & Flails
 14539 | D:12     | Noticed a two-headed ogre
 14552 | D:12     | Killed a two-headed ogre
 14552 | D:12     | Received a gift from Okawaru
 14740 | D:12     | Reached XP level 13. HP: 83/84 MP: 16/16
 14941 | D:12     | Noticed Jorgrun
 15371 | D:12     | Killed Jorgrun
 15598 | D:12     | Found a staircase to the Orcish Mines.
 15820 | Orc:1    | Entered Level 1 of the Orcish Mines
 15888 | D:12     | Reached skill level 14 in Maces & Flails
 16165 | Orc:1    | Received a gift from Okawaru
 16531 | Orc:2    | Entered Level 2 of the Orcish Mines
 16557 | Orc:2    | Found Bius's Weapon Emporium.
 16702 | Orc:2    | Received a gift from Okawaru
 17015 | Orc:2    | Found a staircase to the Elven Halls.
 17059 | Orc:2    | Found Ygridiy's Distillery.
 17104 | Orc:2    | Bought a potion of heal wounds for 70 gold pieces
 17104 | Orc:2    | Bought a potion of heal wounds for 70 gold pieces
 17104 | Orc:2    | Bought a potion of heal wounds for 70 gold pieces
 17109 | Orc:2    | Found Duisen's Book Shop.
 17273 | Orc:2    | Found Leemul's Armour Shop.
 17352 | Orc:2    | Found Jysohulo's Weapon Shoppe.
 17413 | Orc:2    | Bought a +1 pair of boots for 184 gold pieces
 18057 | Lair:1   | Noticed Prince Ribbit
 18070 | Lair:1   | Killed Prince Ribbit
 18086 | Lair:1   | Noticed Joseph
 18109 | Lair:1   | Killed Joseph
 18159 | Lair:1   | Received a gift from Okawaru
 18242 | Lair:1   | Gained mutation: Your large and strong wings let you fly.
                  | [Gargoyle growth]
 18242 | Lair:1   | Reached XP level 14. HP: 92/92 MP: 17/17
 18357 | Lair:1   | Reached skill level 15 in Maces & Flails
 19273 | Lair:2   | Received a gift from Okawaru
 19881 | Lair:2   | You are sucked into a shaft and drop 1 floor!
 19915 | Lair:3   | Noticed Sonja
 20333 | Lair:3   | Found a hole to the Spider Nest.
 20413 | Lair:3   | Killed Sonja
 20480 | Lair:3   | Found a staircase to the Shoals.
 20480 | Lair:3   | Noticed Kirke
 20524 | Lair:3   | Killed Kirke
 20525 | Lair:3   | Reached skill level 16 in Maces & Flails
 21384 | Lair:4   | Reached XP level 15. HP: 70/98 MP: 18/18
 21412 | Lair:4   | Reached ****** piety under Okawaru
 21815 | Lair:5   | Entered Level 5 of the Lair of Beasts
 22084 | Lair:5   | Received a gift from Okawaru
 22161 | Lair:5   | Identified the +6 dagger "Noir" {flame, rPois}
 22437 | Lair:5   | Found a runed translucent door.
 22527 | Lair:5   | Reached skill level 17 in Maces & Flails
 22885 | Lair:5   | Identified the +1 ring mail "Tobruij" {Int+3} (Okawaru
                  | gifted it to you on level 5 of the Lair of Beasts)
 22885 | Lair:5   | Received a gift from Okawaru
 23567 | Lair:5   | Found a staircase to the Slime Pits.
 24602 | D:13     | Reached XP level 16. HP: 106/106 MP: 19/19
 24636 | D:13     | Acquired a +2 tower shield of positive energy
 24916 | D:13     | Received a gift from Okawaru
 25138 | D:14     | Found Viuv's Changing Room.
 25342 | D:14     | Noticed Snorg
 25595 | D:14     | Killed Snorg
 25596 | D:14     | Reached skill level 18 in Maces & Flails
 26118 | D:14     | Found a gate to the Vaults.
 26440 | D:14     | Identified the +1 tower shield "Sionek" {Will+ Int+2}
                  | (Okawaru gifted it to you on level 14 of the Dungeon)
 26440 | D:14     | Received a gift from Okawaru
 26699 | D:14     | Found a hazy altar of Hepliaklqana.
 26764 | D:15     | Entered Level 15 of the Dungeon
 26814 | D:15     | Found a staircase to the Depths.
 27185 | D:15     | Found a portal to a secret trove of treasure.
 27890 | Elf:1    | Entered Level 1 of the Elven Halls
 27996 | Elf:1    | Reached skill level 15 in Fighting
 28081 | Elf:1    | Reached skill level 15 in Armour
 28124 | Elf:1    | Reached skill level 15 in Shields
 28431 | Elf:1    | Found Plog's Distillery.
 28474 | Elf:1    | Bought a potion of resistance for 130 gold pieces
 28474 | Elf:1    | Bought a potion of mutation for 104 gold pieces
 28474 | Elf:1    | Bought a potion of mutation for 104 gold pieces
 28660 | Elf:1    | Reached XP level 17. HP: 113/113 MP: 20/20
 28681 | Elf:1    | Received a gift from Okawaru
 28786 | Elf:1    | Reached skill level 19 in Maces & Flails
 29295 | Elf:2    | Noticed a Tzitzimitl
 29546 | Elf:2    | Found Melelai's Armour Shop.
 29621 | Elf:2    | Found a huge runed translucent gate.
 29625 | Elf:2    | Found a huge runed translucent gate.
 29626 | Elf:2    | Found a huge runed translucent gate.
 29628 | Elf:2    | Found a huge runed translucent gate.
 29628 | Elf:2    | Found a huge runed translucent gate.
 30116 | Elf:2    | Noticed a deep elf blademaster
 30154 | Elf:2    | Killed a deep elf blademaster
 30507 | Abyss:2  | Cast into level 2 of the Abyss (+1 battleaxe of distortion)
 30533 | Abyss:2  | Found a corrupted altar of Lugonu.
 30562 | Abyss:2  | Noticed a tentacled starspawn
 30633 | Abyss:2  | Killed a tentacled starspawn
 30665 | Abyss:2  | Noticed a tentacled starspawn
 30665 | Abyss:2  | Gained mutation: You frequently scream uncontrollably at
                  | your foes. [a neqoxec]
 30667 | Abyss:2  | Gained mutation: [You are very clumsy. (Dex -4)] [a
                  | neqoxec]
 30702 | Abyss:2  | Killed a tentacled starspawn
 30739 | Abyss:2  | Noticed a tentacled starspawn
 30739 | Abyss:2  | Noticed a bone dragon
 30748 | Abyss:2  | Slain by a bone dragon

Illustrated notes

Levels and vault maps discovered:
D:1:      psy_arrival_spokes, layout_basic
D:2:      minmay_door_path, layout_rooms, minmay_misc_feat_five,
          minmay_octomino_e4
D:3:      layout_basic, corexii_item_surrounded_by_moat, hex_intersection,
          serial_bayou_pond_c
D:4:      layout_loops_cross, tgw_kikubaaqudgha, serial_shops, shop,
          minmay_misc_feat_hallway
D:5:      minmay_inner_zag, layout_cave_pools, temple_pool_b,
          hangedman_decor_riveting, chequers_serial_rivers_large_a,
          nicolae_nh_ransacked_shop
D:6:      layout_basic, hex_tiny
D:7:      minmay_opposing_rooms, layout_cave_pools, okawaru_humans,
          makhleb_heckhound_becter, dreamdust_wishing_well
D:8:      due_megacathedral, layout_loops_ring, mainiacjoe_overflow_alcove_4,
          mainiacjoe_overflow_boulevard, lemuel_tele_altar, david_lair_generic,
          serial_shops, kennysheep_mini
D:9:      layout_gridville, mainiacjoe_overflow_24_doors,
          nicolae_sif_muna_little_library, minmay_fractal_squares_gapless_5
D:10:     layout_cave_pools, serial_column_ruins, column_ruins_temple_circle,
          column_ruins_hut, column_ruins_open_tiny,
          column_ruins_corridor_dead_end, column_ruins_columns_water,
          column_ruins_corridor_straight, column_ruins_columns_corner,
          serial_park_tiny_pond
D:11:     minmay_the_grid_triangle_9x9_rhombus_full
          [minmay_the_grid_triangle_9x9_dagger,
          minmay_the_grid_triangle_9x9_descending_squares,
          minmay_the_grid_triangle_9x9_negative_grid,
          minmay_the_grid_triangle_9x9_corrupted_corridor,
          minmay_the_grid_triangle_9x9_from_above,
          minmay_the_grid_triangle_9x9_thin_v,
          minmay_the_grid_triangle_9x9_sparse_checkered,
          minmay_the_grid_triangle_9x9_prize_schism], layout_basic, uniq_grum
D:12:     layout_roguey, david_orc_3, serial_aquarium, aquarium_bridge_square
          [aquarium_subvault_bridge, aquarium_subvault_bridge,
          aquarium_subvault_window, aquarium_subvault_window],
          aquarium_bridge_long_joined [aquarium_subvault_wall,
          aquarium_subvault_bridge, aquarium_subvault_bridge,
          aquarium_subvault_wall, aquarium_subvault_window,
          aquarium_subvault_balcony], aquarium_window_double, aquarium_window_1,
          aquarium_window_2, aquarium_window_3, aquarium_view_4,
          aquarium_view_2a, aquarium_balcony_double_3, aquarium_pool_1,
          minmay_fountain_box, minivault_4, kennysheep_generic_room_13,
          uniq_jorgrun
D:13:     layout_long_grid
D:14:     layout_long_grid, david_vaults_1, nzn_hepliaklqana_mist_gate,
          nicolae_transmutations_shop, nzn_random_ring, uniq_snorg
D:15:     gammafunk_depths_entry_grave, layout_long_grid, enter_trove_2,
          hex_medium
Temple:   nicolae_temple_two_arcs
Lair:1:   dreamdust_cave_troll, layout_cave_pods, serial_bayou_ford_a,
          cheibrodos_lair_reptile_den, grunt_megastairs_4, serial_bayou_shore_b,
          infiniplex_staircase_pool_2, uniq_prince_ribbit2, uniq_joseph
Lair:2:   layout_gridlike
Lair:3:   layout_layer_cave, minmay_shoals_entry_centaurs,
          spider_nest_entry_funnel_web, uniq_sonja, uniq_kirke
Lair:4:   layout_hall_layers, grunt_megastairs_2
Lair:5:   wormcave, layout_regular_city, hangedman_lair_caniforms_friends,
          minmay_slime_entry_pillars
Orc:1:    layout_caves
Orc:2:    st_orc_town, layout_caves, serial_shops,
          nicolae_shop_bloodbath_and_beyond, hangedman_minor_magic
Elf:1:    layout_gridlike, serial_shops, nicolae_shop_hallway_plus,
          minmay_elf_sorcery
Elf:2:    elven_hall_of_blades_hangedman_alternative
          [nicolae_blade_entry_diamond_columns], layout_onion_city,
          serial_shops, nicolae_shop_stone
Abyss:2:  base: Lair:4, hangedman_abyss_or_decor_lesser_grid,
          evilmike_abyss_exit_7

Skill      XL: |  1  2  3  4  5  6  7  8  9 10 11 12 13 14 15 16 17 |
---------------+----------------------------------------------------+-----
Maces & Flails | 3 4 5 7 9 10 11 13 14 16 17 18 19 | 19.7
Fighting       | 4 5 6 7 8 9 10 12 13 14 15 | 15.8
Armour         | 4 5 6 7 8 9 10 12 13 14 15 | 15.7
Shields        | 4 5 6 7 8 9 10 12 13 14 15 | 15.7
Invocations    | 3 4 |  4.6

Action                   |  1- 3 |  4- 6 |  7- 9 | 10-12 | 13-15 | 16-18 || total
-------------------------+-------+-------+-------+-------+-------+-------++-------
Melee: Flail             |   157 |   145 |    83 |       |       |       ||   385
       Morningstar       |       |       |   250 |   517 |       |       ||   767
       Demon whip        |       |       |       |   312 |  2563 |  1362 ||  4237
Invok: Heroism           |       |       |       |    11 |     8 |     7 ||    26
       Finesse           |       |       |       |       |     1 |     1 ||     2
  Use: Scroll            |     4 |     5 |     2 |    10 |    12 |     6 ||    39
       Potion            |       |     1 |     4 |     4 |       |     2 ||    11
Armor: Scale mail        |   102 |       |       |       |       |       ||   102
       Plate armour      |       |   145 |   301 |   583 |  1422 |   720 ||  3171
       Ring mail         |       |       |     2 |       |       |       ||     2
Dodge: Dodged            |    87 |    31 |   101 |   190 |   516 |   262 ||  1187
Block: Buckler           |    32 |    39 |   111 |    49 |       |       ||   231
       Kite shield       |       |       |       |   455 |  1711 |     4 ||  2170
       Tower shield      |       |       |       |       |       |  1400 ||  1400

Table legend: (Time is in decaauts)
 A = Elapsed time spent in this place.
 B = Non-inter-level travel time spent in this place.
 C = Inter-level travel time spent in this place.
 D = Time resting spent in this place.
 E = Time spent auto-exploring this place.
 F = Levels seen in this place.
 G = Mean time per level.
                   A        B        C        D        E       F      G
               +--------+--------+--------+--------+--------+-----+--------+
         Total |  29485 |  28149 |   1336 |   5987 |  15434 |  26 | 1134.0 |
       Dungeon |  19412 |  18368 |   1044 |   5255 |   9377 |  15 | 1294.1 |
        Temple |    125 |    110 |     15 |      0 |    104 |   1 |  125.0 |
          Lair |   5634 |   5458 |    176 |    270 |   3578 |   5 | 1126.8 |
  Orcish Mines |   1648 |   1576 |     72 |      0 |   1101 |   2 |  824.0 |
   Elven Halls |   2430 |   2403 |     27 |    462 |   1273 |   2 | 1215.0 |
         Abyss |    232 |    232 |      0 |      0 |      0 |   1 |  232.0 |
               +--------+--------+--------+--------+--------+-----+--------+

Top non-repeatable levels by time:
    D:11: 3032 daAuts
     D:8: 1747 daAuts
  Lair:5: 1728 daAuts
    D:12: 1720 daAuts
     D:7: 1658 daAuts
    D:14: 1626 daAuts
  Lair:1: 1463 daAuts
   Elf:2: 1374 daAuts
    D:10: 1326 daAuts
   Orc:2: 1197 daAuts
     D:5: 1190 daAuts
   Elf:1: 1055 daAuts
    D:13: 1028 daAuts
  Lair:3: 1027 daAuts
     D:6: 999 daAuts
